 Dungeon Crawl Stone Soup version 0.28-a0-983-g1de4e0787c (webtiles) character file.

Game seed: 16906095933304384973

219 Redcow54321 the Scratcher (level 5, -2/24 HPs)
             Began as a Felid Fighter on Dec 3, 2021.
             Slain by a gnoll sergeant (4 damage)
             ... on level 4 of the Dungeon.
             The game lasted 00:06:22 (4350 turns).

Redcow54321 the Scratcher (Felid Fighter)           Turns: 4350, Time: 00:06:23

Health: -2/24      AC:  1    Str: 17    XL:     5   Next: 63%
Magic:  0/6        EV: 19    Int:  9    God:
Gold:   161        SH:  0    Dex: 16    Spells: 4/4 levels left
                                        Lives:  0   Deaths: 1

rFire   + . .      SeeInvis +     - Unarmed
rCold   . . .      Faith    .   (shield unavailable)
rNeg    . . .      Spirit   +   (armour unavailable)
rPois   +          Reflect  .   (helmet unavailable)
rElec   .          Harm     .   (cloak unavailable)
rCorr   .          Rampage  .   (gloves unavailable)
Will    +....                   (boots unavailable)
Stlth   +.........              l - amulet of guardian spirit
HPRegen 0.08/turn               i - ring of willpower
MPRegen 0.10/turn               e - ring "Enikkev" {Wiz rPois rF+ Str+3}

@: quick
A: very small, claws 1, fangs 3, see invisible, speed 1, shaggy fur 1, stealthy
paws, no weapons or thrown items, no armour, multi-lived
a: no special abilities


You were on level 4 of the Dungeon.
You visited 1 branch of the dungeon, and saw 4 of its levels.

You collected 185 gold pieces.
You spent 24 gold pieces at shops.

Inventory:

Jewellery
 b - a ring of ice
 e - the ring "Enikkev" (right paw) {Wiz rPois rF+ Str+3}
   (You found it on level 4 of the Dungeon)

   [ring of wizardry]

   It improves your spell success rate.
   Str:       It affects your strength (+3).
   rF:        It protects you from fire.
   rPois:     It protects you from poison.
 g - an amulet of faith
 i - a ring of willpower (left paw)
 l - an amulet of guardian spirit (around neck)
Wands
 a - a wand of acid (7)
Scrolls
 c - 2 scrolls of teleportation {unknown}
 d - 6 scrolls of identify
 f - a scroll of vulnerability {unknown}
 h - a scroll of fog {unknown}
 j - a scroll of immolation {unknown}
 k - 2 scrolls of magic mapping {unknown}
 m - 2 scrolls of enchant weapon {unknown}
 n - a scroll of brand weapon {unknown}


   Skills:
 - Level 3.0 Fighting
 * Level 4.8 Dodging
 - Level 7.1 Unarmed Combat


You had 4 spell levels left.
You didn't know any spells.
Your spell library was empty.

Dungeon Overview and Level Annotations

Branches:
Dungeon (4/15)
 Temple: D:4-7

Altars:

Shops:
D:4 ?


Innate Abilities, Weirdness & Mutations

You have sharp claws.
You have razor-sharp teeth.
You have supernaturally acute eyesight. (SInv)
You cover ground quickly. (Speed+)
You are covered in fur. (AC +1)
Your paws help you pounce on unaware monsters.
You are incapable of wielding weapons or throwing items.
You cannot wear armour.
You gain extra lives every three experience levels.


Message History

The gnoll sergeant hits you from afar with a +0 spear!
The gnoll closely misses you.
You claw the gnoll!
You kill the gnoll!
The gnoll sergeant completely misses you.
You scratch the gnoll. Your bite misses the gnoll.
The gnoll is moderately wounded.
The gnoll sergeant barely misses you. The gnoll barely misses you.
You claw the gnoll!
The gnoll is almost dead.
The gnoll sergeant barely misses you. The gnoll barely misses you.
The gnoll sergeant closely misses you. The gnoll misses you.
The gnoll sergeant hits you from afar with a +0 spear.
The gnoll sergeant hits you from afar with a +0 spear!
* * * LOW HITPOINT WARNING * * *
The gnoll sergeant barely misses you.
You open the door.
There is an open door here.
The gnoll sergeant barely misses you.
You claw the gnoll sergeant!
The gnoll sergeant is moderately wounded.
You scratch the gnoll sergeant but do no damage.
The gnoll sergeant is moderately wounded.
The gnoll sergeant closely misses you.
You scratch the gnoll sergeant but do no damage.
You claw the gnoll sergeant!
You bite the gnoll sergeant, but do no damage.
The gnoll sergeant is heavily wounded.
The gnoll sergeant misses you.
You scratch the gnoll sergeant but do no damage.
The gnoll sergeant is heavily wounded.
The gnoll sergeant closely misses you.
You scratch the gnoll sergeant but do no damage.
The gnoll sergeant is heavily wounded.
The gnoll sergeant hits you with a +0 spear!
* * * LOW HITPOINT WARNING * * *
You closely miss the gnoll sergeant. You bite the gnoll sergeant.
The gnoll sergeant is severely wounded.
The gnoll sergeant hits you with a +0 spear.
You die...

### ..# #.# ## #.#
######### .# ..
#######.########.....)..
... .
.......g...g.gg.........
#.# .
#######g#######.........
#.#.# #g# #.........
..#.# #@# #g........
....# #'# ####.........
<.#.#
#..≈≈≈≈≈≈≈≈≈##g#....###
....#
#..≈##≈≈≈##≈##.#..(.#
....# #...
######≈##g#....# ######
#.# #...#≈≈##.######
...... . #)..gg..#.#
###### #...#≈≈..g#
...#.##### ######≈##.#


You could see a gnoll sergeant and 2 gnolls.

Vanquished Creatures
  A hound (D:4)
  An orc priest (D:4)
  Natasha (twice) (D:4)
  A hound skeleton (D:4)
  Robin (D:2)
  A gnoll (D:4)
  4 adders
  An adder skeleton (D:4)
  3 worms
  3 dart slugs
  4 orcs
  2 bats (D:1)
  3 endoplasms
  4 giant cockroaches
  15 goblins
  6 hobgoblins
  10 jackals
  A quokka (D:3)
  7 ball pythons
  6 frilled lizards
  4 kobolds
  4 rats
84 creatures vanquished.

Notes
Turn   | Place    | Note
-------+----------+-------------------------------------------
     0 | D:1      | Redcow54321 the Felid Fighter began the quest for the Orb.
     0 | D:1      | Reached XP level 1. HP: 10/10 MP: 2/2
   353 | D:1      | Reached XP level 2. HP: 14/14 MP: 3/3
  1000 | D:2      | Reached skill level 5 in Unarmed Combat
  1072 | D:2      | Reached XP level 3. HP: 10/17 MP: 4/4
  1677 | D:2      | Noticed Robin
  1790 | D:2      | Killed Robin
  2113 | D:2      | Found a faded altar of an unknown god.
  2201 | D:2      | Reached XP level 4. HP: 20/21 MP: 5/5
  3283 | D:3      | Reached skill level 6 in Unarmed Combat
  3610 | D:3      | Noticed a water moccasin
  3623 | D:3      | HP: 1/21 [poisoned by a water moccasin]
  3631 | D:3      | HP: 1/21 [poisoned by a water moccasin]
  3632 | D:3      | Succumbed to a water moccasin's poison
  3633 | D:3      | Reached XP level 3. HP: 0/17 MP: 4/4
  3677 | D:4      | Found Peynaboh's Magic Scroll Emporium.
  3685 | D:4      | Bought a scroll of identify for 24 gold pieces
  3750 | D:4      | Reached XP level 4. HP: 15/21 MP: 5/5
  3859 | D:4      | Noticed Natasha
  3866 | D:4      | Killed Natasha
  3949 | D:4      | Noticed Natasha
  3950 | D:4      | Reached XP level 5. HP: 23/24 MP: 4/6
  3977 | D:4      | Killed Natasha
  3978 | D:4      | Reached skill level 7 in Unarmed Combat
  4151 | D:4      | Identified the ring "Enikkev" {Wiz rPois rF+ Str+3}
  4350 | D:4      | Slain by a gnoll sergeant

Illustrated notes

Levels and vault maps discovered:
D:1:      wander_arrival_chamber, layout_loops_ring, minmay_tripent
D:2:      layout_basic, dreamdust_ecumenical_altar_statues,
          minmay_increasing_density, uniq_robin
D:3:      layout_basic, minmay_checkerbox
D:4:      layout_basic, serial_shops, nicolae_shop_statue_plus,
          lightli_minifort, uniq_natasha

Skill      XL: |  1  2  3  4  5 |
---------------+----------------+-----
Unarmed Combat | 5 6 7 |  7.1
Fighting       | |  3.0
Dodging        | |  4.8

Action                   |  1- 3 |  4- 6 || total
-------------------------+-------+-------++-------
Melee: Unarmed           |   118 |   101 ||   219
       Punch             |     6 |     2 ||     8
       Bite              |    14 |     7 ||    21
  Use: Potion            |     1 |     3 ||     4
 Stab: Sleeping          |     2 |     1 ||     3
Armor: Skin              |     7 |     2 ||     9
Dodge: Dodged            |    87 |    85 ||   172

Table legend: (Time is in decaauts)
 A = Elapsed time spent in this place.
 B = Non-inter-level travel time spent in this place.
 C = Inter-level travel time spent in this place.
 D = Time resting spent in this place.
 E = Time spent auto-exploring this place.
 F = Levels seen in this place.
 G = Mean time per level.
                   A        B        C        D        E       F      G
               +--------+--------+--------+--------+--------+-----+--------+
         Total |   3895 |   3842 |     53 |    620 |   2619 |   4 |  973.8 |
       Dungeon |   3895 |   3842 |     53 |    620 |   2619 |   4 |  973.8 |
               +--------+--------+--------+--------+--------+-----+--------+

Top non-repeatable levels by time:
     D:2: 1928 daAuts
     D:1: 877 daAuts
     D:4: 617 daAuts
     D:3: 472 daAuts
